 Dungeon Crawl Stone Soup version 0.32-a0-361-g289a535e89 (webtiles) character file.

Game seed: 2240791567228925803

7 ytrimaz the Cudgeller (level 2, 13/23 HPs)
             Began as a Coglin Gladiator on Feb 19, 2024.
             Quit the game on level 1 of the Dungeon.
             The game lasted 00:00:12 (19 turns).

ytrimaz the Cudgeller (Coglin Gladiator)              Turns: 19, Time: 00:00:12

Health: 13/23      AC:  4    Str: 14    XL:     2   Next: 0%
Magic:  2/2        EV:  9    Int:  7    God:
Gold:   0          SH:  0    Dex: 15    Spells: 1/1 levels left

rFire   . . .        a - +0 flail {Tejnoor}
rCold   . . .        (no shield)
rNeg    . . .        b - +0 leather armour
rPois   .            c - +0 helmet
rElec   .            (no cloak)
rCorr   .            (no gloves)
SInv    .            (no boots)
Will    .....        (no amulet)
Stlth   +            (no ring)
HPRegen 0.23/turn    (no ring)
MPRegen 0.08/turn

%: no passive effects
@: constricted, revved, stiff-legged, very slow
A: off-hand wielding, slow wielding, warmup strikes, warmup strides
a: no special abilities


You were on level 1 of the Dungeon.
You visited 1 branch of the dungeon, and saw 1 of its levels.


Innate Abilities, Weirdness & Mutations

You can wield a second weapon in your off-hand.
It takes a long time for you to wield or remove held weapons.
Your first few attacks do less damage.
Your first movements take longer.


   Skills:
 + Level 2.3 Fighting
 + Level 2.9 Maces & Flails
 - Level 1.7 Throwing
 - Level 2.6 Dodging


You had one spell level left.
You didn't know any spells.
Your spell library was empty.

Inventory:

Hand Weapons
 a - a +0 flail (weapon) {Tejnoor}
Missiles
 d - 3 throwing nets (quivered)
 e - a javelin
Armour
 b - a +0 leather armour (worn)
 c - a +0 helmet (worn)

Dungeon Overview and Level Annotations

Branches:
Dungeon (1/15) Zot: 5977

Altars:

.♣♣♣.P...P.♣.♣..#
P.....P........#
.......P.....#(# #
#........♣....#.#.# .
#...P.♣..P..#$#.#.#.#
#..........#.......#
#..................
........#....####
.......#@#.#....
......KSJS.....)
...$........###
.......[.####
........## ....$..##
...#.#. ...#.#.


You could see an endoplasm, 2 ball pythons and a kobold.


Message History

🤖 Initializing magus.rc ...
Options error: Delay interrupt name "hungry" not recognised. (ytrimaz.rc:4375) Bad monster_list_colour key: strict_neutral Options error: Unknown color in colour mapping: 'purle:scroll.*immolation' Bad channel name 'pray' for runrest: 'pray:' Options error: Missing colour in message_colour setting: 'that.*feels deathly cold' Options error: Missing colour in message_colour setting: 'and you must be Full or above to equip it' Options error: Missing colour in message_colour setting: 'but rights himself reflexively soon after' Options error: Missing colour in message_colour setting: 'before it is too late' ✅ Successfully initialized magus.rc [v1.9.6] Welcome, ytrimaz the Coglin Gladiator.
Below lies the Orb of Zot, rumoured to be powerful enough to resurrect a god...
Press ? for a list of commands and other information.
Found 12 gold pieces.
Found a staircase leading out of the dungeon.
Found a stone staircase leading down.
A dart slug comes into view.
A dart slug is nearby!
A dart slug is nearby!
A kobold comes into view. It is wielding a +0 dagger.
The kobold shouts!
The kobold moves out of view.
You see here 12 gold pieces.
A rat comes into view.
A ball python comes into view.
An endoplasm comes into view.
Unknown command.
The endoplasm quivers.
You hit the dart slug. The dart slug completely misses you.
You sock the dart slug!
You kill the dart slug!
An endoplasm comes into view.
The rat squeaks loudly.
You hear an angry hiss. x2
A ball python comes into view.
You see here a dart slug corpse.
You barely miss the rat. The rat bites you. 😕 HP[-2]
You take 2 damage, and now have 14/16 hp.
You thump the endoplasm!
You kill the endoplasm!
The rat barely misses you. The rat bites you but does no damage.
Unknown command.
You closely miss the rat. The rat bites you. The endoplasm hits you. 😕 HP[-1]
You take 1 damage, and now have 13/16 hp.
You barely miss the rat. The rat bites you. The endoplasm freezes you.
You are frozen. 😮 HP[-3]
You take 3 damage, and now have 10/16 hp.
Unknown command.
You are too injured to fight recklessly!
You hit the rat.
You kill the rat!
The endoplasm misses you. The ball python barely misses you.
The ball python grabs you. The ball python constricts you.
You have reached level 2! 😮 HP[+5] MP[+1]
You now have 23 max hp (+7).
You regained 5 hp, and now have 15/23 hp.
Your mp is fully restored (2).
You are too injured to fight recklessly!
You closely miss the ball python. The endoplasm freezes you.
You are frozen.
The ball python barely misses you.
The ball python bites you but does no damage.
The ball python constricts you. The endoplasm hits you.
The ball python closely misses you. 😮 HP[-2]
You take 2 damage, and now have 13/23 hp.
You are too injured to fight recklessly!
Unknown command.
Are you sure you want to abandon this character and quit the game? (Confirm with "yes".)

Action                     || total
---------------------------++-------
  Melee: Flail             ||     8
 Armour: Leather armour    ||     7
  Dodge: Dodged            ||     6

Levels and vault maps discovered:
D:1:      wander_arrival_fairy_ring, layout_rooms, minmay_tall_x

Notes
Turn   | Place    | Note
-------+----------+-------------------------------------------
     0 | D:1      | ytrimaz the Coglin Gladiator began the quest for the Orb.
     0 | D:1      | Reached XP level 1. HP: 16/16 MP: 1/1
     0 | D:1      | magus.rc [v1.9.6]
    18 | D:1      | Reached XP level 2. HP: 15/23 MP: 2/2
    19 | D:1      | Quit the game

Vanquished Creatures
  A dart slug (D:1)
  An endoplasm (D:1)
  A rat (D:1)
3 creatures vanquished.

Table legend:
 A = Non-vault XP
 B = Vault XP
 C = Vault XP percentage of total XP
 D = Non-vault monster count
 E = Vault monster count
 F = Vault count percentage of total count
                 A         B        C        D         E       F
            +---------+---------+-------+---------+---------+-------
      Total |      10 |       0 |   0.0 |       3 |       0 |   0.0
            +---------+---------+-------+---------+---------+-------
        D:1 |      10 |       0 |   0.0 |       3 |       0 |   0.0
            +---------+---------+-------+---------+---------+-------

Action                     || total
---------------------------++-------
  Melee: Flail             ||     8
 Armour: Leather armour    ||     7
  Dodge: Dodged            ||     6

Illustrated notes

Table legend:
 A = Kills in this place as a percentage of kills in the entire game.
 B = Kills by you in this place as a percentage of kills by you in the entire game.
 C = Kills by friends in this place as a percentage of kills by friends in the entire game.
 D = Other kills in this place as a percentage of other kills in the entire game.
 E = Experience gained in this place as a percentage of experience gained in the entire game.
 F = Experience gained in this place divided by the number of levels of this place that you have seen.
                   A       B       C       D       E      F
               +-------+-------+-------+-------+-------+----------------------
         Total | 100.0 | 100.0 |   N/A |   N/A | 100.0 |  10.0
       Dungeon | 100.0 | 100.0 |   N/A |   N/A | 100.0 |  10.0
               +-------+-------+-------+-------+-------+----------------------

Table legend: (Time is in decaauts)
 A = Elapsed time spent in this place.
 B = Non-inter-level travel time spent in this place.
 C = Inter-level travel time spent in this place.
 D = Time resting spent in this place.
 E = Time spent auto-exploring this place.
 F = Levels seen in this place.
 G = Mean time per level.
                   A        B        C        D        E       F      G
               +--------+--------+--------+--------+--------+-----+--------+
         Total |     22 |     22 |      0 |      0 |      4 |   1 |   22.0 |
       Dungeon |     22 |     22 |      0 |      0 |      4 |   1 |   22.0 |
               +--------+--------+--------+--------+--------+-----+--------+

Top non-repeatable levels by time:
     D:1: 22 daAuts
